cohdb
Replays
Latest Replays
All Replays
Popular Replays
Top Player Replays
Match Explorer
How It Works
Community
CoH3 Stats
Reddit
Sign in to upload your games and track your stats! →
Sign in with Steam
Match 45826009
Unlisted
Match 45826009
Overview
Messages
Build Orders
End
Construct Section Command Post
Royal Engineer Section
Selects Heavy Armor Battlegroup
Dingo Light Scout Car
Infantry Section
Infantry Section
Construct Platoon Command Post
Selects Light Vehicle Withdraw and Refit
Humber Armored Car
Light Vehicle Withdraw and Refit
Humber Armored Car
Vickers Machine Gun Team
6-pounder Anti-tank Gun Team
Selects UNKNOWN (202330)
Light Vehicle Withdraw and Refit
Construct Company Command Post
Infantry Section
Crusader AA Medium Tank
Construct Field Infirmary
Selects Designate Targets
Selects Designate Targets
Designate Targets
Selects Rigorous Vehicle Training
Crusader AA Medium Tank
Foot Guards Section
Armored Vehicle Training
Selects Forward Repair Assembly
Designate Targets
Grenade Package
Crusader II Medium Tank
Crusader AA Medium Tank
Crusader II Medium Tank
Crusader AA Medium Tank
Designate Targets
WilllTHENOOBz
Ashur
K̳itsuné
aSIIDemolitionHammer
0
0
Comments
sign in to comment!
No comments posted yet!